 Dungeon Crawl Stone Soup version 0.27.0-1-g7a089689b8 (webtiles) character file.

Game seed: 4771029700399924922

4006 hawla the Cleaver (level 10, -5/120 HPs)
             Began as a Minotaur Fighter on Aug 8, 2021.
             Slain by a troll (7 damage)
             ... on level 7 of the Dungeon.
             The game lasted 00:15:45 (7779 turns).

hawla the Cleaver (Minotaur Fighter)                Turns: 7779, Time: 00:15:46

Health: -5/120     AC: 17    Str: 24    XL:     10   Next: 3%
Magic:  11/11      EV:  2    Int:  6    God:
Gold:   340        SH: 12    Dex:  9    Spells: 10/11 levels left

rFire    + . .     SeeInvis .   u - +1 broad axe (freeze)
rCold    . . .     Faith    .   c - +0 kite shield
rNeg     + + +     Spirit   .   (armour currently unavailable)
rPois    +         Reflect  .   (helmet currently unavailable)
rElec    .         Harm     .   (cloak currently unavailable)
rCorr    .         Rampage  .   (gloves currently unavailable)
Will     .....     NoTele   +   (boots currently unavailable)
Stlth    ++........             f - amulet of magic regeneration
HPRegen  0.30/turn              i - ring of protection from fire
MPRegen  0.37/turn              s - ring of poison resistance

@: mighty, tree-form, corroded, very slightly contaminated, invisible
A: stationary, stasis, torment immunity, boosted hp, (horns 2), (retaliatory
headbutt)
a: no special abilities


You were on level 7 of the Dungeon.
You were a tree.
You visited 1 branch of the dungeon, and saw 7 of its levels.
You also visited: Sewer.

You collected 340 gold pieces.

Inventory:

Hand Weapons
 u - a +1 broad axe of freezing (weapon)
Missiles
 k - a curare-tipped dart
 o - 4 poisoned darts (quivered)
 t - 8 boomerangs
 y - a throwing net
Armour
 a - a +0 cloak (melded)
 c - a +0 kite shield (worn)
 n - a +0 pair of gloves (melded)
 q - a +0 chain mail (melded)
Jewellery
 f - an amulet of magic regeneration (around neck)
 i - a ring of protection from fire (left branch)
 s - a ring of poison resistance (right branch)
 x - a +6 ring of dexterity
Wands
 p - a wand of polymorph (3)
 A - a wand of acid (7)
Scrolls
 r - a scroll of fog {unknown}
 v - 2 scrolls of teleportation
 w - a scroll of amnesia {unknown}
 z - 2 scrolls of identify
Potions
 b - 2 potions of flight
 d - 2 potions of might
 e - a potion of lignification
 g - a potion of brilliance
 h - 4 potions of curing
 j - 3 potions of haste
 l - a potion of cancellation


   Skills:
 - Level 4.5 Fighting
 + Level 12.0 Axes
 + Level 2.4 Throwing
 - Level 4.5 Armour
 - Level 2.1 Dodging
 + Level 3.0 Stealth
 + Level 9.9 Shields
 + Level 1.3 Spellcasting
 + Level 1.5 Necromancy


You had 10 spell levels left.
You knew the following spells:

 Your Spells              Type           Power      Damage    Failure   Level
a - Pain                  Necr           8%         1d4       41%         1

Your spell library contained the following spells:

 Spells                   Type           Power      Damage    Failure   Level
 Beastly Appendage        Tmut           0%         N/A       63%         1
 Passwall                 Tmut/Erth      0%         N/A       77%         2
 Slow                     Hex            0%         N/A       77%         2
 Wereblood                Tmut           0%         N/A       77%         2
 Vampiric Draining        Necr           1%         2d6       80%         3
 Confusing Touch          Hex            0%         N/A       94%         3
 Conjure Flame            Conj/Fire      0%         6-21      94%         3
 Ignite Poison            Fire/Tmut/Pois 0%         N/A       94%         3
 Spider Form              Tmut/Pois      0%         N/A       94%         3
 Swiftness                Air            0%         N/A       94%         3
 Sticky Flame             Conj/Fire      0%         2d3       100%        4
 Agony                    Necr           2%         N/A       100%        5
 Excruciating Wounds      Necr           1%         N/A       100%        5
 Invisibility             Hex            0%         N/A       100%        6


Dungeon Overview and Level Annotations

Branches:
Dungeon (7/15)              Sewer (visited)
 Temple: D:4-7

Altars:
Zin

Shops:
D:2 =   D:4 [   D:6 (


Innate Abilities, Weirdness & Mutations

You are a tree.
Your roots penetrate the ground, keeping you stationary.
You cannot be teleported.
You are immune to unholy pain and torment.
Your maximum health is greatly increased.
Your equipment is partially melded.
((You have a pair of horns on your head.))
((You reflexively headbutt those who attack you in melee.))


Message History

You barely miss the two-headed ogre.
The two-headed ogre is heavily wounded.
You block the two-headed ogre's attack.
The two-headed ogre hits you but does no damage.
You slash the two-headed ogre! You freeze the two-headed ogre.
The two-headed ogre is almost dead.
The two-headed ogre hits you with a +0 giant club.
The two-headed ogre hits you but does no damage.
You barely miss the two-headed ogre.
The two-headed ogre is almost dead.
The two-headed ogre hits you with a +0 giant club!
* * * LOW HITPOINT WARNING * * *
You block the two-headed ogre's attack.
Unknown command.
You slice the two-headed ogre!! You freeze the two-headed ogre.
You kill the two-headed ogre!
The acid dragon spits acid at you.
The splash of acid hits you but does no damage.
The acid corrodes you!
You are splashed with acid!
* * * LOW HITPOINT WARNING * * *
Your Axes skill increases to level 12!
Your Stealth skill increases to level 3!
You have reached level 10!
You fade into invisibility!
You are very lightly contaminated with residual magic.
You feel better. The troll bites you but does no damage.
You block the troll's attack. The troll claws you but does no damage.
The troll bites you but does no damage. You block the troll's attack.
The troll claws you but does no damage.
You feel very mighty all of a sudden. The troll bites you but does no damage.
The troll claws you but does no damage. x2
The troll bites you!
* * * LOW HITPOINT WARNING * * *
You block the troll's attack. The troll claws you but does no damage.
You slice the troll!! You freeze the troll.
The troll is severely wounded.
You closely miss the troll. The troll bites you.
* * * LOW HITPOINT WARNING * * *
You block the troll's attack. The troll claws you!
You die...

#........ ### ### #........
.. ..#.###........ .###.
#.......(... #...#
#.>......... #...#
#.###....... #.D.#
#.#...#..##.
###T#####.....#.##..
.##..♣T..###.......##.
.......##.####.......###
........#.###.....##.###
#...##....>##.....##....
#... ##....#...#..##....
#.. ##.#.....###..#....
#.... #..##.....#........
..#..####..##.##..#...#....
.....#...)##.###....####..


You could see 2 trolls and an acid dragon.

Vanquished Creatures
  A two-headed ogre (D:7)
  A wraith (D:7)
  A steam dragon (D:7)
  Duvessa (D:5)
  A water moccasin (D:6)
  2 ice beasts (D:5)
  2 orc warriors (D:6)
  2 sky beasts (D:7)
  4 ogres
  A necrophage (D:7)
  4 centaurs
  A kobold brigand (Sewer)
  3 bullfrogs
  Blork the orc (D:5)
  A scorpion (D:6)
  A wyvern zombie (D:6)
  Dowan (D:5)
  2 water moccasin skeletons
  3 killer bees (D:7)
  4 wights (D:7)
  3 howler monkeys (D:7)
  A jelly (D:6)
  A bullfrog skeleton (D:5)
  2 orc priests (D:6)
  Natasha (twice) (D:2)
  An iguana (D:4)
  5 orc wizards
  A hound zombie (D:5)
  A howler monkey zombie (D:7)
  7 adders
  A howler monkey skeleton (D:6)
  A river rat (Sewer)
  A shadow imp (D:3)
  A white imp (D:7)
  An ufetubus (D:5)
  2 worms
  27 orcs
  6 ball pythons
  8 endoplasms
  3 giant cockroaches
  12 goblins
  6 hobgoblins
  3 jackals (D:3)
  4 quokkas
  3 bats
  A frilled lizard (D:2)
  7 kobolds
  5 rats
153 creatures vanquished.

Vanquished Creatures (others)
  2 orc wizards
2 creatures vanquished.

Grand Total: 155 creatures vanquished

Notes
Turn   | Place    | Note
-------+----------+-------------------------------------------
     0 | D:1      | hawla the Minotaur Fighter began the quest for the Orb.
     0 | D:1      | Reached XP level 1. HP: 19/19 MP: 0/0
   117 | D:1      | Reached XP level 2. HP: 27/27 MP: 1/1
   758 | D:1      | Found a faded altar of an unknown god.
   900 | D:1      | Reached skill level 1 in Dodging
  1202 | D:2      | Noticed Natasha
  1210 | D:2      | Killed Natasha
  1211 | D:2      | Reached skill level 3 in Axes
  1211 | D:2      | Reached XP level 3. HP: 25/33 MP: 2/2
  1518 | D:2      | Found Ameebin's Jewellery Shoppe.
  1683 | D:2      | Noticed Natasha
  1688 | D:2      | Killed Natasha
  1689 | D:2      | Reached XP level 4. HP: 30/40 MP: 3/3
  1781 | D:2      | Reached skill level 4 in Axes
  2113 | D:3      | Found a glowing drain.
  2130 | Sewer    | Entered a sewer
  2152 | Sewer    | Reached skill level 5 in Shields
  2307 | Sewer    | Reached XP level 5. HP: 41/46 MP: 4/4
  2517 | Sewer    | Reached skill level 5 in Axes
  3124 | D:3      | Noticed an ogre
  3127 | D:3      | Killed an ogre
  3128 | D:3      | Reached XP level 6. HP: 52/52 MP: 5/5
  3695 | D:4      | Learned a level 1 spell: Pain
  3714 | D:4      | Found Etejies's Armour Boutique.
  4219 | D:5      | Entered Level 5 of the Dungeon
  4224 | D:5      | Noticed Blork the orc
  4240 | D:5      | Killed Blork the orc
  4384 | D:5      | Noticed an ice beast
  4387 | D:5      | Killed an ice beast
  4388 | D:5      | Reached skill level 1 in Throwing
  4388 | D:5      | Reached skill level 1 in Stealth
  4388 | D:5      | Reached XP level 7. HP: 50/59 MP: 6/6
  4446 | D:5      | Reached skill level 6 in Axes
  4573 | D:5      | Reached skill level 1 in Necromancy
  4737 | D:5      | Found a glowing silver altar of Zin.
  4737 | D:5      | Noticed an angel
  4785 | D:5      | Reached skill level 1 in Spellcasting
  5237 | D:5      | Reached skill level 7 in Axes
  5237 | D:5      | Reached XP level 8. HP: 48/67 MP: 8/8
  5402 | D:5      | Noticed Duvessa
  5402 | D:5      | Noticed Dowan
  5411 | D:5      | Killed Dowan
  5412 | D:5      | Killed Duvessa
  5689 | D:6      | Identified a scroll of acquirement
  5689 | D:6      | Acquired a +1 broad axe of electrocution
  5714 | D:6      | Reached skill level 8 in Axes
  6051 | D:6      | Found Duaggiaf's Antique Weapon Shoppe.
  6318 | D:6      | Reached skill level 9 in Axes
  6528 | D:6      | Reached XP level 9. HP: 38/72 MP: 9/9
  6964 | D:7      | Reached skill level 10 in Axes
  7506 | D:7      | Reached skill level 11 in Axes
  7763 | D:7      | Noticed a two-headed ogre
  7764 | D:7      | Noticed a troll
  7768 | D:7      | Noticed a troll
  7775 | D:7      | Killed a two-headed ogre
  7776 | D:7      | Reached skill level 12 in Axes
  7776 | D:7      | Reached XP level 10. HP: 11/80 MP: 11/11
  7779 | D:7      | HP: 2/120 [troll (6)]
  7779 | D:7      | Slain by a troll

Illustrated notes

Levels and vault maps discovered:
D:1:      evilmike_arrival_hilbert_curve, layout_basic,
          shapermc_ecumenical_altar_notcrosses, minmay_cut_off
D:2:      layout_basic, serial_shops, nicolae_shop_trees,
          guppyfry_early_orc_mine, uniq_natasha
D:3:      layout_basic, portal_sewer_entry_b, corner_web_ring,
          serial_bayou_crossing, uniq_crazy_yiuf_cottage
D:4:      layout_cave_pools, serial_shops, shop, minmay_statues_item,
          columned_hall_lemuel, corexii_item_surrounded_by_moat,
          minmay_fountain_box
D:5:      layout_gridville, zin_angel, grunt_ministairs_8, uniq_blork_the_orc,
          uniq_duvessa
D:6:      layout_rooms, serial_shops, kennysheep_little_box,
          minmay_crystal_water
D:7:      minmay_blocky_corners, layout_cave_pools, minmay_temple_entry_poolview

Skill      XL: |  1  2  3  4  5  6  7  8  9 |
---------------+----------------------------+-----
Dodging        | 1 2 |  2.1
Armour         | 4 |  4.5
Fighting       | 4 |  4.5
Axes           | 3 4 5 7 9 12 | 12.0
Shields        | 4 5 6 8 9 |  9.9
Throwing       | 1 2 |  2.4
Stealth        | 1 3 |  3.0
Necromancy     | 1 |  1.5
Spellcasting   | 1 |  1.3

Action                   |  1- 3 |  4- 6 |  7- 9 | 10-12 || total
-------------------------+-------+-------+-------+-------++-------
Melee: War axe           |    66 |   115 |    57 |       ||   238
       Headbutt          |     5 |    17 |    32 |       ||    54
       Broad axe         |       |       |   166 |     1 ||   167
Throw: Dart              |       |     5 |     5 |       ||    10
  Use: Scroll            |     3 |     5 |     4 |       ||    12
       Potion            |       |       |     6 |     3 ||     9
 Stab: Invisible         |       |       |     5 |       ||     5
Armor: Scale mail        |    33 |    24 |       |       ||    57
       Chain mail        |       |    14 |   130 |       ||   144
       Skin              |       |       |    18 |     8 ||    26
Dodge: Dodged            |    27 |    36 |    45 |       ||   108
Block: Kite shield       |    35 |    60 |   165 |     4 ||   264
